 Dungeon Crawl Stone Soup version 0.29.1-13-g9f3cf754e1 (webtiles) character file.

Game seed: 2599520030521404763

50 chuck the Covered (level 3, 0/23 HPs)
             Began as a Gargoyle Fighter on Feb 11, 2023.
             Slain by a quokka (1 damage)
             ... on level 3 of the Dungeon.
             The game lasted 00:02:10 (1901 turns).

chuck the Covered (Gargoyle Fighter)                Turns: 1901, Time: 00:02:10

Health: 0/23       AC: 15    Str: 21    XL:     3   Next: 79%
Magic:  3/3        EV:  5    Int:  8    God:
Gold:   33         SH:  4    Dex:  9    Spells: 2/2 levels left

rFire   . . .      SeeInvis .   a - +0 war axe
rCold   . . .      Faith    .   c - +0 buckler
rNeg    + . .      Spirit   .   m - +0 plate armour
rPois   ∞          Reflect  .   (no helmet)
rElec   +          Harm     .   (no cloak)
rCorr   .          Rampage  .   (no gloves)
Will    .....                   (no boots)
Stlth   ..........              (no amulet)
HPRegen 0.07/turn               (no ring)
MPRegen 0.08/turn               (no ring)

@: no status effects
A: sickness immunity, AC +3, negative energy resistance 1, electricity
resistance, torment resistance 1, petrification resistance
a: no special abilities


You were on level 3 of the Dungeon.
You visited 1 branch of the dungeon, and saw 3 of its levels.

You collected 33 gold pieces.

Inventory:

Hand Weapons
 a - a +0 war axe (weapon)
Armour
 b - a +0 scale mail
 c - a +0 buckler (worn)
 m - a +0 plate armour (worn)
Jewellery
 g - an amulet of faith
Scrolls
 e - a scroll of fear {unknown}
 f - a scroll of identify
 h - a scroll of butterflies {unknown}
 i - a scroll of magic mapping {unknown}
 j - a scroll of noise {unknown}
 k - 2 scrolls of teleportation
 l - a scroll of enchant weapon {unknown}
 p - a scroll of enchant armour {unknown}
 q - a scroll of blinking {unknown}
Potions
 d - a potion of might
 n - 3 potions of invisibility
 o - a potion of curing {unknown}


   Skills:
 + Level 3.6 Fighting
 + Level 2.4 Axes
 + Level 4.0 Armour
 + Level 0.3 Dodging
 + Level 0.1 Stealth
 + Level 3.5 Shields


You had 2 spell levels left.
You didn't know any spells.
Your spell library was empty.

Dungeon Overview and Level Annotations

Branches:
Dungeon (3/15)

Altars:

Shops:
D:3 [

Annotations:
D:3 Ijyb


Innate Abilities, Weirdness & Mutations

You are immune to sickness and miasma.
Your stone body is resilient. (AC +3)
You are immune to poison.
You resist negative energy. (rN+)
You are resistant to electric shocks. (rElec)
You are resistant to unholy torment.
You are immune to petrification.


Message History

You now have 33 gold pieces (gained 12).
A quokka comes into view.
Found 6 gold pieces.
Found an escape hatch in the floor.
You closely miss Ijyb. Ijyb hits you but does no damage.
Ijyb zaps a wand.
Your mind is blasted!
The quokka bites you but does no damage.
You hit Ijyb but do no damage. You hit the quokka. The quokka bites you.
Ijyb hits you but does no damage.
You are too injured to fight recklessly!
You are too injured to fight recklessly!
You are too injured to fight recklessly!
You are too injured to fight recklessly!
You hit Ijyb but do no damage. You closely miss the quokka.
The quokka bites you. Ijyb completely misses you.
The quokka bites you but does no damage.
Ijyb hits you but does no damage.
You hit Ijyb.
Ijyb is moderately wounded.
You barely miss the quokka.
The quokka bites you but does no damage.
Ijyb zaps a wand.
Your mind is blasted!
* * * LOW HITPOINT WARNING * * *
The quokka bites you but does no damage.
You barely miss Ijyb.
Ijyb is moderately wounded.
You barely miss the quokka.
The quokka bites you but does no damage.
Ijyb hits you but does no damage.
You barely miss Ijyb.
Ijyb is moderately wounded.
You barely miss the quokka.
The quokka bites you but does no damage.
Ijyb zaps a wand.
You barely resist. The quokka barely misses you.
Ijyb hits you but does no damage.
You closely miss Ijyb.
Ijyb is moderately wounded.
You barely miss the quokka.
The quokka bites you but does no damage.
Ijyb closely misses you. The quokka bites you.
You die...

#..... .....>...#
##....) .........#
..##<..... .........#
...#...... .........#
#....#.... .........#
#.#......# .........#
#.##.#.#.# $.....g..#
#.##.#.#.# ......r@.#
#.##.#.#.. .........####
#.##....>.
............###........#
.........#...........###
######.###..#######.##
#. #..# #..# #. #..#
#.## #. ...# #.. ###.#
#..


You could see Ijyb and a quokka.

Vanquished Creatures
  An adder (D:2)
  3 dart slugs
  An orc (D:3)
  2 endoplasms
  5 goblins
  3 hobgoblins
  2 kobolds
  A quokka (D:1)
  5 ball pythons
  3 bats
  3 frilled lizards (D:1)
  6 rats
35 creatures vanquished.

Notes
Turn   | Place    | Note
-------+----------+-------------------------------------------
     0 | D:1      | chuck the Gargoyle Fighter began the quest for the Orb.
     0 | D:1      | Reached XP level 1. HP: 14/14 MP: 1/1
    13 | D:1      | You fall into a shaft and drop 1 floor!
   448 | D:2      | Reached XP level 2. HP: 19/19 MP: 2/2
   788 | D:1      | Reached XP level 3. HP: 23/23 MP: 3/3
  1512 | D:2      | Reached skill level 4 in Armour
  1850 | D:3      | Found Vobbez's Antique Armour Shoppe.
  1891 | D:3      | Noticed Ijyb
  1898 | D:3      | HP: 1/23 [disintegration (8)]
  1901 | D:3      | Slain by a quokka

Illustrated notes

Levels and vault maps discovered:
D:1:      heliophobic_arrival_glass_houses, layout_basic
D:2:      layout_loops_corners
D:3:      layout_basic, serial_shops, nicolae_shop_stone,
          ebering_ghost_disaster_area, uniq_crazy_yiuf_cottage, uniq_ijyb

Skill      XL: |  1  2  3 |
---------------+----------+-----
Axes           | 2 |  2.4
Armour         | 4 |  4.0
Fighting       | |  3.6
Dodging        | |  0.3
Stealth        | |  0.1
Shields        | |  3.5

Action                   || total
-------------------------++-------
Melee: War axe           ||   111
  Use: Scroll            ||     2
Armor: Scale mail        ||    44
       Plate armour      ||    33
Dodge: Dodged            ||    46
Block: Buckler           ||    20
